 Dungeon Crawl Stone Soup version bcrawl-1.17.3 (webtiles) character file.

Game seed: 14335324423046663749

216 Gumption the Cudgeler (level 5, -6/45 HPs)
             Began as a Sand Dwarf Archaeologist on Oct 19, 2019.
             Was a Follower of Zin.
             Killed by divine providence
             ... invoked by an orc priest
              (11 damage)
             ... on level 3 of the Dungeon.
             The game lasted 00:23:34 (3177 turns).

Gumption the Cudgeler (Sand Dwarf Archaeologist)    Turns: 3177, Time: 00:23:35

Health: -6/45      AC:  8    Str: 16    XL:     5   Next: 93%
Magic:  5/5        EV: 13    Int: 15    God:    Zin [*.....]
Gold:   164        SH:  0    Dex:  9    Spells: 4/4 levels left

rFire    . . .     SeeInvis .   a - +0 mace
rCold    . . .     Gourm    .   (shield restricted)
rNeg     . . .     Faith    .   q - +0 ring mail
rPois    .         Spirit   .   c - +1 hat
rElec    .         Reflect  .   (no cloak)
rCorr    .         Harm     .   (no gloves)
MR       .....                  d - +1 pair of boots
Stlth    +.........             (no amulet)
HPRegen  0.15/turn              (no ring)
MPRegen  0.09/turn              (no ring)

@: studying Stealth, slow
A: small, slowness 1, armour attunement
a: Recite, Donate Gold, Renounce Religion


You were on level 3 of the Dungeon.
You worshipped Zin.
Zin was aware of your devotion.
You were near starving.

You visited 1 branch of the dungeon, and saw 3 of its levels.

You collected 182 gold pieces.
You donated 18 gold pieces to Zin.

Inventory:

Hand Weapons
 a - a +0 mace (weapon)
Missiles
 h - 373 bolts
 j - 459 stones (quivered)
Armour
 c - a +1 hat (worn)
 d - a +1 pair of boots (worn)
 q - a +0 ring mail (worn)
Jewellery
 t - an uncursed ring of magical power {unknown}
Scrolls
 k - 6 scrolls of identify {unknown}
 l - a scroll of fear {unknown}
 m - 2 scrolls of amnesia {unknown}
 n - a scroll of teleportation {unknown}
 o - a scroll of enchant weapon {unknown}
 s - a scroll of remove curse {unknown}
Potions
 p - a potion of magic {unknown}
 r - 2 potions of might {unknown}
Books
 g - a manual of Stealth
Miscellaneous
 f - an ancient crate
Comestibles
 e - 4 rations {!d}


   Skills:
 + Level 3.1 Fighting
 * Level 5.4 Maces & Flails
 * Level 3.1 Armour
 - Level 2.4 Dodging
 + Level 3.2 Stealth


You had 4 spell levels left.
You didn't know any spells.
Your spell library was empty.

Dungeon Overview and Level Annotations

Branches:
Dungeon (3/12)

Altars:
Zin

Shops:
D:2 *


Innate Abilities, Weirdness & Mutations

You are small and have problems with some larger weapons.
You cover ground slowly.
Armour does not affect your spellcasting.


Message History

Beogh smites you!
You barely miss the orc.
The orc is severely wounded.
The orc hits you with a +0 mace!
An orc comes into view. It is wielding a +0 dagger.
You hit the orc.
You kill the orc!
The orc priest invokes the aid of Beogh against you.
Pain shoots through your body!
* * * LOW HITPOINT WARNING * * *
Your ring mail prevents you from hitting the orc.
The orc closely misses you.
You thump the orc!
You kill the orc!
The kobold throws a stone.
The stone misses you.
You barely miss the orc priest.
The orc priest is lightly wounded.
The orc priest calls down the wrath of Beogh upon you.
Beogh smites you!
You die...

######## #......#
#......# #......#
#......############.
#..)........@oso....
#......#######K.....
#......# )....
#......# ....
######.# ... #...#
.. #.### . #.#
####.#


You could see an orc priest, an orc, a giant cockroach and a kobold.

Vanquished Creatures
  A phantom (D:3)
  Robin (D:2)
  3 adders (D:3)
  An ooze (D:2)
  2 worms
  2 dart slugs (D:1)
  4 leopard geckos
  3 orcs (D:3)
  3 ball pythons
  5 bats
  3 giant cockroaches
  10 goblins
  12 hobgoblins
  4 jackals (D:2)
  2 kobolds (D:1)
  5 frilled lizards
  5 rats
66 creatures vanquished.

Notes
Turn   | Place    | Note
-------+----------+-------------------------------------------
     0 | D:1      | Gumption the Sand Dwarf Archaeologist began the quest for
                  | the Orb.
     0 | D:1      | Reached XP level 1. HP: 16/16 MP: 1/1
     0 | D:1      | Noticed an orb of fire
     1 | D:1      | Noticed a yellow draconian
     1 | D:1      | Noticed a tentacled monstrosity
     3 | D:1      | Noticed a tentacled monstrosity
     3 | D:1      | Noticed an iron dragon
     5 | D:1      | Noticed a shadow dragon
     6 | D:1      | Noticed a shadow dragon
     7 | D:1      | Noticed an ice dragon
     8 | D:1      | Noticed an ice dragon
    10 | D:1      | Noticed a golden dragon
    12 | D:1      | Noticed an orb of fire
    15 | D:1      | Noticed a tentacled monstrosity
    17 | D:1      | Noticed an orb of fire
    17 | D:1      | Noticed a tentacled monstrosity
    20 | D:1      | Noticed a shadow dragon
    24 | D:1      | Noticed an iron dragon
   183 | D:1      | Reached skill level 2 in Maces & Flails
   206 | D:1      | Reached XP level 2. HP: 17/24 MP: 2/2
   235 | D:1      | Reached skill level 3 in Maces & Flails
   886 | D:1      | Reached XP level 3. HP: 26/29 MP: 3/3
  1484 | D:2      | Noticed Robin
  1520 | D:2      | Killed Robin
  1520 | D:2      | Reached skill level 4 in Maces & Flails
  1520 | D:2      | Reached skill level 1 in Armour
  1535 | D:2      | Reached XP level 4. HP: 6/37 MP: 4/4
  2345 | D:2      | Found Zin's Purification Station.
  2348 | D:2      | Found a glowing silver altar of Zin.
  2354 | D:2      | Became a worshipper of Zin the Law-Giver
  2354 | D:2      | Reached * piety under Zin
  2550 | D:3      | Reached XP level 5. HP: 25/44 MP: 5/5
  2844 | D:3      | Noticed a phantom
  2900 | D:3      | Killed a phantom
  2900 | D:3      | Reached skill level 5 in Maces & Flails
  3177 | D:3      | Killed from afar by an orc priest

Skill      XL: |  1  2  3  4  5 |
---------------+----------------+-----
Maces & Flails | 2 3 4 5 |  5.4
Fighting       | 2 3 |  3.1
Armour         | 1 2 3 |  3.1
Stealth        | 3 |  3.2
Dodging        | |  2.4

Action                   |  1- 3 |  4- 6 || total
-------------------------+-------+-------++-------
Melee: Whip              |    94 |       ||    94
       Mace              |    73 |   159 ||   232
Throw: Stone             |    64 |    76 ||   140
  Use: Potion            |       |     1 ||     1
 Stab: Sleeping          |       |     1 ||     1
  Eat: Chunk             |     3 |     4 ||     7
Armor: Robe              |    26 |       ||    26
       Ring mail         |    13 |    55 ||    68
       Skin              |       |     1 ||     1
Dodge: Dodged            |   121 |    99 ||   220
